 Dungeon Crawl Stone Soup version 0.27.1-4-g1640c2035a (webtiles) character file.

Game seed: 17072930266902372732

346 Tinkle the Chopper (level 6, -10/56 HPs)
             Began as a Minotaur Berserker on Nov 8, 2021.
             Was a Believer of Trog.
             Mangled by Menkaure (14 damage)
             ... on level 4 of the Dungeon.
             The game lasted 00:07:23 (3651 turns).

Tinkle the Chopper (Minotaur Berserker)             Turns: 3651, Time: 00:07:23

Health: -10/56     AC: 11    Str: 23    XL:     6   Next: 32%
Magic:  5/5        EV:  7    Int:  4    God:    Trog [**....]
Gold:   196        SH:  0    Dex: 10    Spells: 5/5 levels left

rFire    + . .     SeeInvis .   a - +0 hand axe
rCold    . . .     Faith    .   (no shield)
rNeg     . . .     Spirit   .   c - +0 plate armour
rPois    .         Reflect  .   (helmet restricted)
rElec    .         Harm     .   (no cloak)
rCorr    .         Rampage  .   (no gloves)
Will     ++...                  (no boots)
Stlth    ..........             (no amulet)
HPRegen  1.18/turn              g - ring of protection from fire
MPRegen  0.09/turn              (no ring)

@: strong-willed, regenerating
A: horns 2, retaliatory headbutt
a: Renounce Religion, Berserk, Trog's Hand


You were on level 4 of the Dungeon.
You worshipped Trog.
Trog was pleased with you.
You visited 1 branch of the dungeon, and saw 4 of its levels.

You collected 196 gold pieces.

Inventory:

Hand Weapons
 a - a +0 hand axe (weapon)
 s - a +0 war axe
Missiles
 p - 11 poisoned darts (quivered)
Armour
 c - a +0 plate armour (worn)
Jewellery
 g - a ring of protection from fire (left hand)
Scrolls
 b - 4 scrolls of identify {unknown}
 d - a scroll of blinking {unknown}
 e - 2 scrolls of silence {unknown}
 h - 3 scrolls of amnesia {unknown}
 i - a scroll of enchant armour {unknown}
 j - 2 scrolls of noise {unknown}
 k - a scroll of immolation {unknown}
 l - a scroll of teleportation {unknown}
 m - a scroll of brand weapon {unknown}
 q - a scroll of fear {unknown}
Potions
 f - 2 potions of haste {unknown}
 n - a potion of might {unknown}
 o - a potion of attraction {unknown}
 r - a potion of heal wounds {unknown}


   Skills:
 - Level 5.0 Fighting
 + Level 7.9 Axes
 - Level 2.4 Armour
 - Level 2.1 Dodging


You had 5 spell levels left.
You didn't know any spells.
Your spell library was empty.

Dungeon Overview and Level Annotations

Branches:
Dungeon (4/15)
 Temple: D:4-7

Altars:
Dithmenos

Shops:
D:4 *

Portals:
Ossuary: D:4

Annotations:
D:3 1 runed translucent door, Crazy Yiuf
D:4 Menkaure


Innate Abilities, Weirdness & Mutations

You have a pair of horns on your head.
You reflexively headbutt those who attack you in melee.


Message History

A hobgoblin comes into view.
The hobgoblin closely misses you.
You closely miss the hobgoblin. Your headbutt misses the hobgoblin.
The hobgoblin hits you but does no damage.
You hit the hobgoblin.
You kill the hobgoblin!
Trog accepts your kill.
Found a stone staircase leading up.
There is a stone staircase leading up here.
Found 5 gold pieces.
You now have 196 gold pieces (gained 5).
Found a short sword.
You see here a +0 short sword.
You hear the rapid hiss of an avalanche of sand nearby.
Menkaure, Prince of Dust comes into view.
Menkaure moves out of view.
Found a sand-covered staircase.
Menkaure mumbles some strange words.
Menkaure seems to speed up.
Menkaure calls on the powers of darkness!
Your body is wracked with pain!
Menkaure barely misses you.
Your skin crawls.
You feel strong-willed. Menkaure hits you!
* * * LOW HITPOINT WARNING * * *
You hit Menkaure.
Menkaure is lightly damaged.
Menkaure hits you.
* * * LOW HITPOINT WARNING * * *
You slash Menkaure!
Menkaure is moderately damaged.
Menkaure hits you!
* * * LOW HITPOINT WARNING * * *
Menkaure hits you.
* * * LOW HITPOINT WARNING * * *
You hit Menkaure but do no damage.
Menkaure is moderately damaged.
Menkaure hits you!
You die...

##############
..)..........#
############.##
#......#
#......###########
#......##.........
#......##.........
#......##M.....8..
#......##@........
#............8.∩.8
#########.........
#......8..
#.........
#.........
##########


You could see Menkaure (fast).

Vanquished Creatures
  Grinder (D:3)
  A centaur skeleton (D:4)
  An iguana (D:4)
  Robin (D:2)
  4 adders
  A dart slug (D:2)
  6 ball pythons
  2 bats
  2 endoplasms
  A giant cockroach (D:4)
  4 goblins
  12 hobgoblins
  11 jackals
  4 kobolds
  2 quokkas
  2 frilled lizards (D:1)
  3 rats
58 creatures vanquished.

Notes
Turn   | Place    | Note
-------+----------+-------------------------------------------
     0 | D:1      | Tinkle the Minotaur Berserker began the quest for the Orb.
     0 | D:1      | Reached XP level 1. HP: 19/19 MP: 0/0
    58 | D:1      | Found a faded altar of an unknown god.
    65 | D:1      | You fall into a shaft and drop 1 floor!
    74 | D:2      | Reached skill level 4 in Axes
    74 | D:2      | Reached XP level 2. HP: 23/27 MP: 1/1
   990 | D:2      | Reached XP level 3. HP: 22/34 MP: 2/2
  1140 | D:2      | Found a shadowy altar of Dithmenos.
  1170 | D:2      | Reached ** piety under Trog
  1462 | D:2      | Noticed Robin
  1475 | D:2      | Killed Robin
  1480 | D:2      | Reached XP level 4. HP: 36/41 MP: 3/3
  1491 | D:2      | Reached skill level 5 in Axes
  1495 | D:2      | Reached skill level 5 in Fighting
  2280 | D:3      | Found a runed translucent door.
  2281 | D:3      | Noticed Crazy Yiuf
  2428 | D:3      | Noticed Grinder
  2437 | D:3      | Paralysed by Grinder for 3 turns
  2461 | D:3      | Killed Grinder
  2462 | D:3      | Reached skill level 7 in Axes
  2462 | D:3      | Reached XP level 5. HP: 48/48 MP: 4/4
  2639 | D:3      | Reached XP level 6. HP: 54/56 MP: 5/5
  3177 | D:4      | Found Sequniom's General Store.
  3643 | D:4      | Noticed Menkaure
  3644 | D:4      | Found a sand-covered staircase.
  3651 | D:4      | Mangled by Menkaure

Illustrated notes

Levels and vault maps discovered:
D:1:      beargit_arrival_greenhouse, layout_basic,
          ebering_ecumenical_altar_mist, minivault_26, minmay_misc_feat_roman
D:2:      layout_basic, basic_altar, minmay_misc_feat_enclosed, uniq_robin
D:3:      layout_basic, uniq_crazy_yiuf_cottage, uniq_grinder
D:4:      layout_basic, kennysheep_mini, nicolae_ossuary_entry_monument,
          serial_shops, shop_coins, kennysheep_small_circle, uniq_menkaure

Skill      XL: |  1  2  3  4 |
---------------+-------------+-----
Fighting       | 4 5 |  5.0
Axes           | 4 7 |  7.9
Armour         | |  2.4
Dodging        | |  2.1

Action                   |  1- 3 |  4- 6 || total
-------------------------+-------+-------++-------
Melee: Hand axe          |    70 |    71 ||   141
       Headbutt          |    13 |     7 ||    20
Throw: Dart              |       |     4 ||     4
Invok: Trog's Hand       |     1 |     2 ||     3
       Berserk           |     1 |       ||     1
Armor: Plate armour      |    47 |    42 ||    89
Dodge: Dodged            |    26 |    28 ||    54
